 Dungeon Crawl Stone Soup version 0.29-a0-266-gf56f883ddd (webtiles) character file.

Game seed: 14822892366258888164

184 frimble the Skirmisher (level 5, -2/41 HPs)
             Began as a Djinni Cinder Acolyte on Mar 7, 2022.
             Was a High Priest of Ignis.
             Slain by an orc
             ... wielding a +0 mace
              (4 damage)
             ... on level 5 of the Dungeon.
             The game lasted 00:03:29 (2750 turns).

frimble the Skirmisher (Djinni Cinder Acolyte)      Turns: 2750, Time: 00:03:30

Health: -2/41      AC:  2    Str: 13    XL:     5   Next: 96%
Gold:   150        EV: 11    Int: 15    God:    Ignis [*****.] SH:  0 Dex: 11

rFire   + + +      SeeInvis .     - Unarmed
rCold   x . .      Faith    .   (no shield)
rNeg    . . .      Spirit   .   a - +0 robe
rPois   ∞          Reflect  .   (no helmet)
rElec   .          Harm     .   (no cloak)
rCorr   .          Rampage  .   (no gloves)
Will    .....                   (boots unavailable)
Stlth   +.........              (no amulet)
HPRegen 0.13/turn               (no ring)
MPRegen 0.00/turn               (no ring)

@: flying
A: sickness immunity, fire resistance 2, cold vulnerability 1, float, innate
caster, HP casting, extra vitality 1
a: Renounce Religion, Fiery Armour, Foxfire Swarm, Rising Flame


You were on level 5 of the Dungeon.
You worshipped Ignis.
Ignis was extremely pleased with you.
You visited 1 branch of the dungeon, and saw 5 of its levels.

You collected 150 gold pieces.

Inventory:

Hand Weapons
 d - a +0 short sword
Armour
 a - a +0 robe (worn)
 g - a +0 leather armour
Wands
 e - a wand of polymorph (6)
Scrolls
 f - a scroll of teleportation
Potions
 b - a potion of attraction {unknown}
 c - 2 potions of curing {unknown}
 i - 2 potions of magic {unknown}


   Skills:
 + Level 4.2 Fighting
 + Level 4.2 Unarmed Combat
 + Level 3.3 Spellcasting


You had 5 spell levels left.
You knew the following spells:

 Your Spells              Type           Power      Damage    Failure   Level
a - Scorch                Fire           24%        2d6       8%          2
b - Apportation           Tloc           24%        N/A       4%          1
c - Passwall              Tmut/Erth      10%        N/A       8%          2
Your spell library was empty.

Dungeon Overview and Level Annotations

Branches:
Dungeon (5/15)
 Temple: D:4-7

Altars:
Makhleb

Annotations:
D:2 Sigmund


Innate Abilities, Weirdness & Mutations

You are immune to sickness and miasma.
You are immune to poison.
Your flesh is very heat resistant. (rF++)
You are vulnerable to cold. (rC-)
You float through the air rather than walking.
You learn spells naturally, not from books.
Your magical power is your life essence.
You have superior vitality. (+4 MHP)


Message History

The foxfire hits the orc but does no damage.
The orc is moderately wounded.
The foxfire hits the hound.
The hound is lightly wounded.
The foxfire hits the orc but does no damage.
The orc is moderately wounded.
The foxfire hits the orc priest but does no damage.
The orc priest is severely wounded.
The foxfire hits the orc priest.
The orc priest is almost dead.
The foxfire hits the orc priest.
You kill the orc priest!
Your foxfire dissipates!
The foxfire hits the orc.
The orc is moderately wounded.
The orc attacks as you move away! The orc hits you with a +0 mace.
* * * LOW HITPOINT WARNING * * *
Found a stone staircase leading down.
An orc priest comes into view. It is wielding a +0 war axe.
The orc attacks as you move away! The orc hits you with a +0 mace.
* * * LOW HITPOINT WARNING * * *
A hobgoblin comes into view.
The hobgoblin shouts!
A goblin comes into view. It is wielding a +0 club.
An adder comes into view.
Found 4 poisoned darts and 11 gold pieces.
The adder hisses angrily.
The orc priest looks satisfied for a moment.
There is a stone staircase leading down here.
The hobgoblin closely misses you. The orc closely misses you.
You fly downwards.
Found a leather armour.
There is a stone staircase leading up here.
The hobgoblin attacks as you move away! The hobgoblin barely misses you.
The orc barely misses you. The hobgoblin attacks as you move away!
The hobgoblin hits you.
* * * LOW HITPOINT WARNING * * *
Okay, then.
The orc hits you with a +0 mace.
You die...

#.. #..
##..#
#...#
##[.#
#.<.#
##g.##
#.o.#
#@.##
.........#
.....##..#
.### ...#
#...#
...#.
##.## #.#


You could see an orc and a hobgoblin.

Vanquished Creatures
  A scorpion (D:3)
  An orc priest (D:4)
  A gnoll (D:1)
  2 adders
  A worm (D:2)
  A dart slug (D:1)
  5 orcs (D:3)
  3 ball pythons (D:1)
  6 endoplasms
  2 giant cockroaches (D:3)
  7 hobgoblins
  4 jackals (D:1)
  3 quokkas (D:1)
  3 bats
  5 frilled lizards
  4 kobolds (D:1)
  6 rats
55 creatures vanquished.

Vanquished Creatures (others)
  11 foxfires (D:4)
  A fungus (D:1)
12 creatures vanquished.

Grand Total: 67 creatures vanquished

Notes
Turn   | Place    | Note
-------+----------+-------------------------------------------
     0 | D:1      | frimble the Djinni Cinder Acolyte began the quest for the
                  | Orb.
     0 | D:1      | Reached XP level 1. HP: 20/20 MP: 0/0
   432 | D:1      | Reached XP level 2. HP: 23/25 MP: 0/0
   462 | D:1      | Found a faded altar of an unknown god.
   962 | D:1      | Reached XP level 3. HP: 29/30 MP: 0/0
   962 | D:1      | Learned a level 1 spell: Apportation
  1584 | D:1      | Reached XP level 4. HP: 36/36 MP: 0/0
  1942 | D:2      | Found a burning altar of Makhleb.
  1971 | D:2      | Noticed Sigmund
  2712 | D:3      | Noticed a scorpion
  2718 | D:3      | Killed a scorpion
  2719 | D:3      | Reached XP level 5. HP: 13/41 MP: 0/0
  2719 | D:3      | Learned a level 2 spell: Passwall
  2747 | D:5      | Entered Level 5 of the Dungeon
  2749 | D:5      | HP: 2/41 [hobgoblin (3)]
  2750 | D:5      | Slain by an orc

Illustrated notes

Levels and vault maps discovered:
D:1:      dpeg_cavernosity, layout_basic, ebering_ecumenical_altar_webs
D:2:      layout_basic, basic_altar, uniq_sigmund, uniq_crazy_yiuf_cottage
D:3:      layout_rooms, fountainhead
D:4:      layout_loops_ring, vehumet_statue, kennysheep_little_box,
          serial_shops, nicolae_shop_hallway_stairs, dk_rats_in_the_wall
D:5:      nicolae_BIG_FREAKIN_CUBE, layout_rooms,
          minmay_temple_entry_drinking_statues

Skill      XL: |  1  2  3  4 |
---------------+-------------+-----
Spellcasting   | 3 |  3.3
Fighting       | 4 |  4.2
Unarmed Combat | 4 |  4.2

Action                   |  1- 3 |  4- 6 || total
-------------------------+-------+-------++-------
Melee: Unarmed           |    77 |    79 ||   156
       Punch             |     1 |     3 ||     4
 Cast: Scorch            |    14 |    13 ||    27
Invok: Foxfire Swarm     |       |     1 ||     1
  Use: Scroll            |       |     4 ||     4
Armor: Robe              |    12 |    16 ||    28
Dodge: Dodged            |    48 |    45 ||    93

Table legend: (Time is in decaauts)
 A = Elapsed time spent in this place.
 B = Non-inter-level travel time spent in this place.
 C = Inter-level travel time spent in this place.
 D = Time resting spent in this place.
 E = Time spent auto-exploring this place.
 F = Levels seen in this place.
 G = Mean time per level.
                   A        B        C        D        E       F      G
               +--------+--------+--------+--------+--------+-----+--------+
         Total |   2740 |   2703 |     37 |      2 |   2280 |   5 |  548.0 |
       Dungeon |   2740 |   2703 |     37 |      2 |   2280 |   5 |  548.0 |
               +--------+--------+--------+--------+--------+-----+--------+

Top non-repeatable levels by time:
     D:1: 1804 daAuts
     D:3: 733 daAuts
     D:2: 191 daAuts
     D:4: 7 daAuts
     D:5: 2 daAuts
